 Dungeon Crawl Stone Soup version 0.28.0-53-g5a82cb258f (webtiles) character file.

Game seed: 7549532231395279266

611 PentaManta the Grappler (level 7, -7/46 HPs)
             Began as an Octopode Abyssal Knight on June 15, 2022.
             Was a Believer of Lugonu.
             Mangled by a wyvern (18 damage)
             ... on level 5 of the Dungeon.
             The game lasted 00:06:00 (5614 turns).

PentaManta the Grappler (Octopode Abyssal Knight)   Turns: 5614, Time: 00:06:00

Health: -7/46      AC:  1    Str: 13    XL:     7   Next: 43%
Magic:  8/8        EV: 13    Int: 14    God:    Lugonu [**....]
Gold:   221        SH:  0    Dex: 12    Spells: 6/6 levels left

rFire   . . .      SeeInvis .     - Unarmed
rCold   . . .      Faith    .   (no shield)
rNeg    . . .      Spirit   .   (helmet restricted)
rPois   .          Reflect  .   g - amulet of magic regeneration
rElec   .          Harm     .   a - ring of wizardry
rCorr   .          Rampage  .   (no ring)
Will    .....                   (no ring)
Stlth   ++........              (no ring)
HPRegen 0.15/turn               (no ring)
MPRegen 0.51/turn               (no ring)
                                (no ring)
                                (no ring)

@: no status effects
A: almost no armour, amphibious, 8 rings, camouflage 1, gelatinous body 1,
(nimble swimmer 1), tentacles
a: Renounce Religion, Depart the Abyss, Bend Space


You were on level 5 of the Dungeon.
You worshipped Lugonu.
Lugonu was pleased with you.
You visited 1 branch of the dungeon, and saw 5 of its levels.
You visited the Abyss 1 time.

You collected 221 gold pieces.

Inventory:

Missiles
 r - 2 atropa-tipped darts (quivered)
Jewellery
 a - a ring of wizardry (left tentacle)
 g - an amulet of magic regeneration (around mantle)
 u - an amulet of reflection
Scrolls
 b - 7 scrolls of identify {unknown}
 c - a scroll of enchant weapon {unknown}
 d - a scroll of vulnerability {unknown}
 f - a scroll of blinking {unknown}
 h - 3 scrolls of teleportation {unknown}
 i - a scroll of torment {unknown}
 j - 3 scrolls of fog {unknown}
 k - a scroll of holy word {unknown}
 m - a scroll of amnesia {unknown}
 p - a scroll of noise {unknown}
Potions
 e - a potion of flight {unknown}
 l - a potion of ambrosia {unknown}
 n - a potion of heal wounds {unknown}
 o - a potion of brilliance {unknown}
 q - a potion of haste {unknown}
 s - 2 potions of attraction {unknown}
 t - a potion of curing {unknown}
 v - 2 potions of berserk rage {unknown}


   Skills:
 - Level 3.0 Fighting
 - Level 2.3 Dodging
 + Level 8.1 Unarmed Combat
 - Level 2.0 Invocations


You had 6 spell levels left.
You didn't know any spells.
Your spell library contained the following spells:

 Spells                   Type           Power      Damage    Failure   Level
 Animate Skeleton         Necr           0%         N/A       12%         1
 Foxfire                  Conj/Fire      0%         2x1d4     12%         1
 Freeze                   Ice            0%         1d3       12%         1
 Pain                     Necr           0%         1d4       12%         1
 Sandblast                Erth           0%         2d4       12%         1
 Sting                    Tmut/Pois      0%         1d3       12%         1
 Poisonous Vapours        Pois/Air       0%         N/A       17%         2
 Conjure Flame            Conj/Fire      0%         6-21      32%         3
 Frozen Ramparts          Ice            0%         1d2       32%         3
 Inner Flame              Hex/Fire       0%         N/A       32%         3
 Vampiric Draining        Necr           0%         2d6       32%         3
 Anguish                  Hex/Necr       0%         N/A       71%         4
 Flame Wave               Conj/Fire      0%         2d4       71%         4
 Hailstorm                Conj/Ice       0%         3d3       71%         4
 Olgreb's Toxic Radiance  Pois           0%         N/A       71%         4
 Death Channel            Necr           0%         N/A       100%        6
 Death's Door             Necr           0%         N/A       100%        9


Dungeon Overview and Level Annotations

Branches:
Dungeon (5/15)
 Temple: D:4-7

Altars:

Shops:
D:1 *   D:3 =


Innate Abilities, Weirdness & Mutations

You cannot wear most types of armour.
You are amphibious.
You can wear up to eight rings at the same time.
Your skin changes colour to match your surroundings (Stealth+).
Your rubbery body absorbs attacks. (AC +1, EV +1)
((You are camouflaged when in or above water. (Stealth+)))
You have tentacles for arms and can constrict up to eight enemies at once.


Message History

Lugonu accepts your kill.
No target in view!
No target in view!
Okay, then.
You see here an adder corpse.
r - an atropa-tipped dart
r - 2 atropa-tipped darts (gained 1)
r - 3 atropa-tipped darts (gained 1)
r - 4 atropa-tipped darts (gained 1)
A wyvern is nearby!
A wyvern is nearby!
Throw: 4 darts (atropa)
Press: ? - help, Q - select action, (/) - cycle Shift-Dir - straight line, f - wyvern
Aim: a wyvern (wandering, hasn't noticed you, 57% to hit, chance to blind on hit: 27%)
You throw an atropa-tipped dart.
The atropa-tipped dart closely misses the wyvern.
The wyvern hisses angrily.
Throw: 3 darts (atropa)
Press: ? - help, Q - select action, (/) - cycle Shift-Dir - straight line, f/p - wyvern
Aim: a wyvern (57% to hit, chance to blind on hit: 27%)
You throw an atropa-tipped dart.
The atropa-tipped dart barely misses the wyvern.
The wyvern bites you!
You tentacle-slap the wyvern.
You squeeze the wyvern, but do no damage.
The wyvern is lightly wounded.
The wyvern bites you!
You barely miss the wyvern.
You squeeze the wyvern, but do no damage.
The wyvern is lightly wounded.
The wyvern misses you.
Unknown command.
You tentacle-slap the wyvern. You squeeze the wyvern.
The wyvern is moderately wounded.
The wyvern bites you!
* * * LOW HITPOINT WARNING * * *
You tentacle-slap the wyvern.
The wyvern is heavily wounded.
The wyvern bites you!!
You die...

### ######.# #.......
####.#....#
##############.##.#.##.#
(.....l@................
############.#.##.#.##..
#.#.##.#.#### #.#.##.#.#
# #.#.##.#.# #
#.#.##.#.# # #.#.##.#.#
# #.#......# #
############.####.#.# #


You could see a wyvern.

Vanquished Creatures
  3 scorpions
  A centaur zombie (D:5)
  2 centaur skeletons (D:5)
  2 hounds
  A jelly (D:5)
  A bullfrog skeleton (D:5)
  Jessica (D:2)
  2 iguanas (D:4)
  2 hound skeletons
  7 adders
  An adder zombie (D:5)
  An adder skeleton (D:4)
  4 dart slugs
  2 ball pythons
  5 endoplasms
  5 goblins
  4 hobgoblins
  6 jackals
  A quokka (D:4)
  2 bats (D:1)
  6 frilled lizards
  4 kobolds
  12 rats
75 creatures vanquished.

Notes
Turn   | Place    | Note
-------+----------+-------------------------------------------
     0 | Abyss:1  | PentaManta the Octopode Abyssal Knight began the quest for
                  | the Orb.
     0 | Abyss:1  | Reached XP level 1. HP: 16/16 MP: 2/2
    58 | Abyss:2  | Noticed an apocalypse crab
    60 | D:1      | Escaped the Abyss
    85 | D:1      | Found Metuazi's General Store.
   398 | D:1      | Reached XP level 2. HP: 18/21 MP: 3/3
   556 | D:1      | Reached * piety under Lugonu
   557 | D:1      | Reached skill level 3 in Unarmed Combat
  1261 | D:2      | Reached XP level 3. HP: 26/26 MP: 4/4
  1584 | D:2      | Noticed Jessica
  1589 | D:2      | Killed Jessica
  1590 | D:2      | Reached skill level 4 in Unarmed Combat
  1590 | D:2      | Reached XP level 4. HP: 31/31 MP: 5/5
  2379 | D:3      | Found a faded altar of an unknown god.
  2727 | D:3      | Found Jaudd's Jewellery Boutique.
  3073 | D:4      | Reached skill level 5 in Unarmed Combat
  3073 | D:4      | Reached XP level 5. HP: 19/36 MP: 6/6
  3632 | D:4      | Reached skill level 6 in Unarmed Combat
  3632 | D:4      | Reached XP level 6. HP: 24/42 MP: 7/7
  3865 | D:4      | Reached ** piety under Lugonu
  3896 | D:4      | Got the Volume of Stones and Darkness
  4258 | D:5      | Entered Level 5 of the Dungeon
  4325 | D:5      | Reached skill level 7 in Unarmed Combat
  4386 | D:5      | Reached XP level 7. HP: 37/46 MP: 8/8
  5143 | D:5      | Reached skill level 8 in Unarmed Combat
  5207 | D:5      | Noticed a wyvern
  5614 | D:5      | Mangled by a wyvern

Illustrated notes

Levels and vault maps discovered:
D:1:      dpeg_arrival_ratfight, layout_basic, serial_shops,
          nicolae_diamond_shop
D:2:      layout_loops_corners, kennysheep_another_room, uniq_jessica
D:3:      layout_rooms, serial_shops, shop, basic_ecumenical_altar,
          chequers_arboretum, minmay_tree_intersection, patterned_corridor
D:4:      layout_loops_cross
D:5:      layout_basic

Skill      XL: |  1  2  3  4  5  6  7 |
---------------+----------------------+-----
Unarmed Combat | 3 4 5 6 7 8 |  8.1
Fighting       | |  3.0
Dodging        | |  2.3
Invocations    | |  2.0

Action                   |  1- 3 |  4- 6 |  7- 9 || total
-------------------------+-------+-------+-------++-------
Melee: Unarmed           |    57 |    90 |    32 ||   179
       Constrict         |    17 |    22 |     4 ||    43
       Tentacles         |    13 |    27 |    13 ||    53
       Punch             |     1 |     4 |     2 ||     7
Throw: Dart              |       |       |     6 ||     6
Invok: Depart the Abyss  |     1 |       |       ||     1
       Bend Space        |       |       |     1 ||     1
 Stab: Sleeping          |     8 |     5 |       ||    13
Armor: Skin              |     5 |     4 |     1 ||    10
Dodge: Dodged            |    24 |    52 |    19 ||    95
